 Dungeon Crawl Stone Soup version 0.19.4-10-g532645f (webtiles) character file.

980 Naow the Cleaver (level 7, -2/85 HPs)
             Began as a Minotaur Berserker on Feb 25, 2017.
             Was an Elder of Trog.
             Slain by an ice beast (8 damage)
             ... on level 5 of the Dungeon.
             The game lasted 00:12:56 (5499 turns).

Naow the Cleaver (Minotaur Berserker)               Turns: 5499, Time: 00:12:56

Health: -2/85      AC:  2    Str: 28    XL:     7   Next: 96%
Magic:  6/6        EV: 12    Int:  4    God:    Trog [****..]
Gold:   239        SH:  0    Dex: 10    Spells: 0 memorised, 6 levels left

rFire  . . .     SeeInvis .     a - +0 hand axe
rCold  . . .     Gourm    .     b - +0 animal skin
rNeg   . . .     Faith    .     (no shield)
rPois  .         Spirit   .     (helmet restricted)
rElec  .         Reflect  .     (no cloak)
rCorr  .         Harm     .     (no gloves)
MR     .....                    (no boots)
Stlth  ..........               (no amulet)
                                (no ring)
                                (no ring)

@: berserking (expiring), very quick
A: retaliatory headbutt, horns 2
a: Berserk, Trog's Hand, Brothers in Arms, Burn Spellbooks, Renounce Religion


You were on level 5 of the Dungeon.
You worshipped Trog.
Trog was greatly pleased with you.
You were hungry.

You visited 1 branch of the dungeon, and saw 5 of its levels.

You collected 239 gold pieces.

Inventory:

Hand Weapons
 a - a +0 hand axe (weapon)
Armour
 b - a +0 animal skin (worn)
Jewellery
 f - an uncursed ring of poison resistance {unknown}
 l - an uncursed ring of poison resistance {unknown}
 B - an uncursed ring of positive energy {unknown}
Wands
 i - a wand of paralysis (14/24)
Scrolls
 d - a scroll of immolation {unknown}
 g - 3 scrolls of fog {unknown}
 k - 5 scrolls of identify {unknown}
 m - a scroll of magic mapping {unknown}
 o - a scroll of random uselessness {unknown}
 p - a scroll of enchant armour {unknown}
 r - a scroll of fear {unknown}
 t - a scroll of teleportation {unknown}
 x - a scroll of noise {unknown}
 y - a scroll of amnesia {unknown}
Potions
 e - a potion of degeneration {unknown}
 j - 2 potions of flight {unknown}
 n - a potion of cancellation {unknown}
 q - 2 potions of curing {unknown}
 v - a potion of lignification {unknown}
 z - 2 potions of berserk rage {unknown}
Comestibles
 c - 3 bread rations
 h - a meat ration
 s - 2 slices of pizza
 u - a beef jerky
 w - 3 royal jellies
 A - 2 chunks of flesh
 C - 3 fruits


   Skills:
 - Level 3.6 Fighting
 + Level 11.3 Axes
 - Level 2.4 Armour
 - Level 2.1 Dodging


You had 6 spell levels left.
You didn't know any spells.

Dungeon Overview and Level Annotations

Branches:
Dungeon (5/15)
 Temple: D:4-7

Altars:
Dithmenos
Okawaru
Xom
Zin


Innate Abilities, Weirdness & Mutations

You reflexively headbutt those who attack you in melee.
You have a pair of horns on your head.


Message History

* * * LOW HITPOINT WARNING * * *
Found 20 stones.
You slash the centaur!
The centaur is moderately wounded.
You hit the ice beast. The ice beast hits you.
* * * LOW HITPOINT WARNING * * *
The ice beast freezes you!
* * * LOW HITPOINT WARNING * * *
You slash the centaur!
The centaur is severely wounded.
You slash the ice beast! The centaur hits you.
* * * LOW HITPOINT WARNING * * *
You slash the centaur!
You kill the centaur!
Trog accepts your kill.
You slash the bullfrog skeleton! You closely miss the ice beast.
The ice beast hits you.
* * * LOW HITPOINT WARNING * * *
The ice beast freezes you!
You die...

#.........# ..
#.........# #.#
#.........# ..
#(........# #.#
#..?......##
#(.....=....
#.........###
#.........#
#..Y@.....#
#....[.)Z....#
#..............
#..............
#.............(
#..............
#..............
#..............


You could see an ice beast and a bullfrog skeleton.

Vanquished Creatures
  3 ogres (D:4)
  A centaur (D:5)
  Blork the orc (D:4)
  2 howler monkeys (D:4)
  A bullfrog zombie (D:5)
  A hound (D:4)
  An orc wizard (D:4)
  An orc priest (D:4)
  A gnoll shaman (D:4)
  An iguana (D:4)
  A worker ant (D:4)
  A hound skeleton (D:4)
  9 gnolls
  6 adders
  An ooze (D:2)
  3 worms
  3 dart slugs
  4 leopard geckos (D:4)
  18 orcs
  5 bats
  5 giant cockroaches
  9 hobgoblins
  5 jackals
  13 kobolds
  A quokka (D:2)
  3 frilled lizards
  16 goblins
  8 rats
124 creatures vanquished.

Vanquished Creatures (others)
  A plant (D:4)
1 creature vanquished.

Grand Total: 125 creatures vanquished

Notes
Turn   | Place    | Note
-------+----------+-------------------------------------------
     0 | D:1      | Naow the Minotaur Berserker began the quest for the Orb.
     0 | D:1      | Reached XP level 1. HP: 19/19 MP: 0/0
   170 | D:1      | Reached skill level 4 in Axes
   237 | D:1      | Reached XP level 2. HP: 22/26 MP: 1/1
   856 | D:2      | Reached skill level 5 in Axes
   963 | D:2      | Reached XP level 3. HP: 28/31 MP: 2/2
  1106 | D:2      | Reached ** piety under Trog
  1648 | D:2      | Reached XP level 4. HP: 39/39 MP: 3/3
  1689 | D:2      | Reached skill level 6 in Axes
  2443 | D:3      | Found a shadowy altar of Dithmenos.
  2848 | D:3      | Reached *** piety under Trog
  3090 | D:4      | Found a shimmering altar of Xom.
  3090 | D:4      | Found a glowing silver altar of Zin.
  3090 | D:4      | Noticed an angel
  3093 | D:4      | Reached XP level 5. HP: 45/45 MP: 4/4
  3097 | D:4      | Reached skill level 7 in Axes
  3103 | D:4      | Reached skill level 8 in Axes
  3106 | D:4      | Reached XP level 6. HP: 23/51 MP: 5/5
  3340 | D:4      | Reached skill level 9 in Axes
  3708 | D:4      | Reached XP level 7. HP: 48/57 MP: 6/6
  3961 | D:4      | Noticed Blork the orc
  3972 | D:4      | Killed Blork the orc
  3972 | D:4      | Reached skill level 10 in Axes
  4446 | D:4      | Found an iron altar of Okawaru.
  4465 | D:4      | Reached **** piety under Trog
  5283 | D:5      | Entered Level 5 of the Dungeon
  5409 | D:5      | Reached skill level 11 in Axes
  5499 | D:5      | Slain by an ice beast

Skill      XL: |  1  2  3  4  5  6  7 |
---------------+----------------------+-----
Axes           | 4 5 6 8 9 11 | 11.3
Fighting       | |  3.6
Armour         | |  2.4
Dodging        | |  2.1

Action                   |  1- 3 |  4- 6 |  7- 9 || total
-------------------------+-------+-------+-------++-------
Melee: Hand axe          |    67 |   100 |   112 ||   279
       Headbutt          |     8 |    19 |    20 ||    47
Invok: Berserk           |     1 |     5 |     1 ||     7
 Stab: Sleeping          |     2 |       |       ||     2
  Eat: Chunk             |     2 |    11 |     7 ||    20
Armor: Animal skin       |     8 |     7 |     9 ||    24
Dodge: Dodged            |    29 |    44 |    58 ||   131
